cohdb
Replays
Latest Replays
All Replays
Popular Replays
Top Player Replays
Match Explorer
How It Works
Community
CoH3 Stats
Reddit
Sign in to upload your games and track your stats! →
Sign in with Steam
Match 43109840
Unlisted
Match 43109840
Overview
Messages
Build Orders
End
Kradschützen Motorcycle Team
Panzergrenadier Squad
Panzerpioneer Squad
Construct Light Support Kompanie
Panzerjäger Squad
2.5-tonne Medical Truck
Fire Support Elements
Flakvierling Half-track
Panzergrenadier Squad
Vehicle Survival Package
Veteran Squad Leaders
Pak 38 Mechanized Group
Selects Battlefield Espionage Battlegroup
Selects 250/3 Funkpanzerwagen
Selects Anti-Tank Incendiary Munitions
Construct Panzerarmee Kommand
Selects Intel Disruption Beacon
Selects Transfer Depots
Panzer III L Medium Tank
Panzer III L Medium Tank
Tungsten Core Ammunition
Walking Stuka Rocket Launcher
Emergency Repair Kits
Panzer III L Medium Tank
Advanced Optics
Rapid Advance
Panzer III L Medium Tank
Panzer III L Medium Tank
Ra11
DangerouslyDumb
Ooga Boogatti
aSIINiedi
Macho Man Randy Savage
Horeneks
BloodSpark
Barantah
0
0
Comments
sign in to comment!
No comments posted yet!